 Dungeon Sprint DCSS version 0.24.0-13-gcf9b319 (webtiles) character file.

Game seed: 16951843325093442728, levelgen mode: deterministic

5891 Fang the Fighter (level 10, -2/74 HPs)
             Began as a Gargoyle Berserker on Dec 10, 2019.
             Was a High Priest of Trog.
             Slain by Grum
             ... wielding a +1 glaive
              (4 damage)
             ... in the Dungeon (Sprint VII: "The Pits").
             The game lasted 00:02:26 (1401 turns).

Fang the Fighter (Gargoyle Berserker)               Turns: 1401, Time: 00:02:26

Health: -2/74      AC: 26    Str: 23    XL:     10   Next: 82%
Magic:  10/10      EV: 12    Int: 12    God:    Trog [*****.]
Gold:   0          SH:  0    Dex: 12    Spells: 9/9 levels left

rFire    . . .     SeeInvis .   a - +1 broad axe (freeze)
rCold    . . .     Gourm    .   (no shield)
rNeg     + . .     Faith    .   b - +3 plate armour
rPois    ∞         Spirit   .   (no helmet)
rElec    +         Reflect  .   (no cloak)
rCorr    .         Harm     .   (no gloves)
MR       .....     NoTele   +   (no boots)
Stlth    ..........             (no amulet)
HPRegen  0.22/turn              o - +3 ring of dexterity
MPRegen  0.12/turn              q - +3 ring of intelligence

@: berserk cooldown, slowed, very slow
A: negative energy resistance 1, electricity resistance, unbreathing,
petrification resistance, rot immunity, AC +7
a: Berserk, Trog's Hand, Brothers in Arms, Renounce Religion


You were in the Dungeon.
You worshipped Trog.
Trog was extremely pleased with you.
You were near starving.

You visited 1 branch

Inventory:

Hand Weapons
 a - a +1 broad axe of freezing (weapon)
 r - a +3 antimagic war axe
Armour
 b - a +3 plate armour (worn)
Jewellery
 o - a +3 ring of dexterity (left hand)
 q - a +3 ring of intelligence (right hand)
Scrolls
 i - a scroll of blinking
 k - 3 scrolls of remove curse
 l - a scroll of summoning
Potions
 d - 9 potions of curing
 e - 10 potions of heal wounds
 f - a potion of haste
 g - 4 potions of magic
 h - 5 potions of berserk rage
 j - 2 potions of invisibility
 p - a potion of brilliance
Comestibles
 c - 8 rations


   Skills:
 + Level 13.9 Fighting
 + Level 11.9 Axes
 + Level 13.7 Armour
 + Level 10.9 Dodging


You had 9 spell levels left.
You didn't know any spells.
Your spell library was empty.

Dungeon Overview and Level Annotations

Branches:
Dungeon (1/1)

Altars:
Gozag
Hepliaklqana
Sif Muna
Trog
Jiyva

Annotations:
D Grum


Innate Abilities, Weirdness & Mutations

You are resistant to torment.
Your stone body is resilient. (AC +7)
You are immune to poison.
You resist negative energy. (rN+)
You are resistant to electric shocks. (rElec)
You can survive without breathing.
You are immune to petrification.
You are immune to rotting.


Message History

The cyclops misses you. Grum closely misses you.
You barely miss Grum. You slash the cyclops! You freeze the cyclops!
You slice the hungry ghost!! You freeze the hungry ghost.
You destroy the hungry ghost!
Trog accepts your kill.
Your deep troll bites the wolf!!!
The wolf dies!
Trog accepts your kill. Something hits your deep troll.
Grum hits you but does no damage. The cyclops hits you!
* * * LOW HITPOINT WARNING * * *
Your deep troll bites something!
Your deep troll claws something!
Your deep troll misses something.
Something hits your deep troll!
Your deep troll bites something!!
Your deep troll claws something!
Trog accepts your kill. Something appears at your feet!
Trog grants you a weapon!
You feel a bit more experienced.
Grum hits you from afar with a +1 glaive.
You die...

.....#..#......#
...............+
...............+
.....#..#......#
...............#
##'#####''######
......##''############
......##......+(.†C..###
......##......+.@)g....#
..<...##.....##.T##.....#
......##...###....###....
......##..##........###.#
......##''#...#..#...# .
########....÷.[......+
########')#...#..#...#
.#.![[##.)##........##
.#..[[##..)###....###


You could see a cyclops, Grum and a friendly deep troll (berserk).

Vanquished Creatures
  A death knight (D)
  A lindwurm (D)
  A deep elf mage (D)
  A rust devil (D)
  An orange demon (D)
  A freezing wraith (D)
  An ice devil (D)
  A polar bear (D)
  A hippogriff (D)
  A redback (D)
  2 hungry ghosts (D)
  A basilisk (D)
  2 water moccasins (D)
  A small abomination (D)
  2 ice beasts (D)
  2 centaurs (D)
  An ogre (D)
  A wolf (D)
  A crocodile (D)
  A big kobold (D)
  2 scorpions (D)
  A quasit (D)
  An iguana (D)
  2 ufetubi (D)
  An ooze (D)
  An adder zombie (D)
  2 orcs (D)
  A ball python (D)
  2 goblins (D)
  3 jackals (D)
  A quokka (D)
  A bat (D)
  A frilled lizard (D)
43 creatures vanquished.

Vanquished Creatures (collateral kills)
  Gastronok (D)
  A shadow wraith (D)
  3 wolves (D)
5 creatures vanquished.

Grand Total: 48 creatures vanquished

Notes
Turn   | Place    | Note
-------+----------+-------------------------------------------
     0 | D        | Fang the Gargoyle Berserker began the quest for the Orb.
     0 | D        | Reached XP level 1. HP: 14/14 MP: 1/1
    73 | D        | Reached ** piety under Trog
    84 | D        | Reached XP level 2. HP: 20/20 MP: 2/2
   188 | D        | Noticed a big kobold
   194 | D        | Reached *** piety under Trog
   205 | D        | Killed a big kobold
   205 | D        | Reached skill level 5 in Fighting
   205 | D        | Reached skill level 5 in Armour
   205 | D        | Reached XP level 3. HP: 13/26 MP: 3/3
   205 | D        | Reached XP level 4. HP: 15/31 MP: 4/4
   406 | D        | Noticed a water moccasin
   411 | D        | Killed a water moccasin
   411 | D        | Reached **** piety under Trog
   411 | D        | Reached skill level 5 in Axes
   411 | D        | Reached XP level 5. HP: 37/37 MP: 5/5
   417 | D        | Reached ***** piety under Trog
   419 | D        | Reached skill level 5 in Dodging
   419 | D        | Reached XP level 6. HP: 44/44 MP: 6/6
   455 | D        | Noticed a hungry ghost
   460 | D        | Killed a hungry ghost
   464 | D        | Noticed a freezing wraith
   475 | D        | Killed a freezing wraith
   475 | D        | Reached XP level 7. HP: 33/51 MP: 7/7
   644 | D        | Received a gift from Trog
   748 | D        | Noticed a deep elf mage
   748 | D        | Noticed a basilisk
   753 | D        | Reached skill level 10 in Fighting
   753 | D        | Reached XP level 8. HP: 49/57 MP: 8/8
   758 | D        | Killed a deep elf mage
   758 | D        | Received a gift from Trog
   758 | D        | Reached skill level 10 in Armour
   941 | D        | Found a bloodstained altar of Trog.
   941 | D        | Found a shimmering blue altar of Sif Muna.
   941 | D        | Found a viscous altar of Jiyva.
   941 | D        | Found a hazy altar of Hepliaklqana.
   941 | D        | Found an opulent altar of Gozag.
   960 | D        | Noticed a rust devil
   965 | D        | Killed a rust devil
   965 | D        | Reached XP level 9. HP: 64/64 MP: 9/9
  1032 | D        | Noticed a lindwurm
  1036 | D        | Noticed Gastronok
  1039 | D        | Killed a lindwurm
  1039 | D        | Reached ****** piety under Trog
  1039 | D        | Reached skill level 10 in Axes
  1048 | D        | Killed Gastronok
  1048 | D        | Reached skill level 10 in Dodging
  1048 | D        | Reached XP level 10. HP: 36/72 MP: 10/10
  1220 | D        | Noticed a death knight
  1220 | D        | Noticed an orange demon
  1229 | D        | Killed a death knight
  1229 | D        | Received a gift from Trog
  1233 | D        | Killed an orange demon
  1374 | D        | Noticed Grum
  1382 | D        | Noticed a cyclops
  1383 | D        | Received a gift from Trog
  1400 | D        | HP: 1/74 [cyclops (14)]
  1401 | D        | Killed a shadow wraith
  1401 | D        | Received a gift from Trog
  1401 | D        | Slain by Grum

Levels and vault maps discovered:
D:        pitsprint [storerooms_1, entrance_room_1, metal_vault_4, armoury_1,
          mini_pit_1, grid_room_1, main_hall_1, silver_pit, the_coven_3,
          the_vestibule_1, steel_vault_4, golden_pit, hallway_of_sentries,
          crystal_vault_4, iron_vault_5, final_vault]

Skill      XL: |  1  2  3  4  5  6  7  8  9 10 |
---------------+-------------------------------+-----
Axes           | 3 4 5 6 7 8 9 11 | 11.9
Dodging        | 2 3 4 5 6 7 8 10 | 10.9
Fighting       | 4 5 6 7 9 10 11 12 13 | 13.9
Armour         | 3 5 6 7 9 10 12 13 | 13.7

Action                   |  1- 3 |  4- 6 |  7- 9 | 10-12 || total
-------------------------+-------+-------+-------+-------++-------
Melee: Hand axe          |    30 |    26 |    24 |       ||    80
       Battleaxe         |       |       |     7 |       ||     7
       Broad axe         |       |       |    23 |    34 ||    57
Invok: Berserk           |     1 |     2 |     3 |     2 ||     8
       Brothers in Arms  |       |       |     1 |     1 ||     2
 Stab: Sleeping          |     1 |       |       |       ||     1
  Eat: Chunk             |       |     1 |     2 |     4 ||     7
       Ration            |       |       |     1 |       ||     1
Armor: Animal skin       |    12 |       |       |       ||    12
       Chain mail        |       |     8 |    13 |       ||    21
       Plate armour      |       |       |    25 |    36 ||    61
Dodge: Dodged            |    24 |    19 |    25 |    39 ||   107
